 Dungeon Crawl Stone Soup version 0.21.1-1-g345015f (webtiles) character file.

217 Iko the Magician (level 5, -1/44 HPs)
             Began as a Deep Dwarf Wizard on June 1, 2018.
             Was an Initiate of Dithmenos.
             Slain by an adder (2 damage)
             ... on level 6 of the Dungeon.
             The game lasted 00:15:49 (1258 turns).

Iko the Magician (Deep Dwarf Wizard)                Turns: 1258, Time: 00:15:50

Health: -1/44      AC:  6    Str: 11    XL:     5   Next: 61%
Magic:  7/8        EV:  9    Int: 19    God:    Dithmenos [......]
Gold:   89         SH:  0    Dex: 11    Spells: 6/11 levels left

rFire    . . .     SeeInvis .   m - +0 flail
rCold    + . .     Gourm    +   (no shield)
rNeg     . . .     Faith    .   a - +0 scale mail
rPois    .         Spirit   .   b - +0 hat
rElec    .         Reflect  .   (no cloak)
rCorr    .         Harm     .   (no gloves)
MR       .....                  (no boots)
Stlth    +.........             e - amulet of the gourmand
HPRegen  0.00/turn              f - ring of protection from cold
MPRegen  0.11/turn              (no ring)

@: lethally poisoned (-1 -> -15), non-regenerating
A: damage resistance, heal wounds, sense surroundings 1, no regeneration
a: Heal Wounds, Renounce Religion


You were on level 6 of the Dungeon.
You worshipped Dithmenos.
Dithmenos was noncommittal.
You were not hungry.

You visited 1 branch of the dungeon, and saw 6 of its levels.

You collected 89 gold pieces.

Inventory:

Hand Weapons
 k - a -2 hunting sling
 m - a +0 flail (weapon)
Missiles
 l - 12 stones (quivered)
Armour
 a - a +0 scale mail (worn)
 b - a +0 hat (worn)
Jewellery
 e - an amulet of the gourmand (around neck)
 f - a ring of protection from cold (left hand)
Scrolls
 g - 2 scrolls of teleportation
 h - a scroll of blinking
Books
 c - a book of Minor Magic

   Spells                             Type                      Level
   a - Magic Dart                     Conjuration                  1
   b - Blink                          Translocation                2
   c - Call Imp                       Summoning                    2
   d - Slow                           Hexes                        2
   e - Conjure Flame                  Conjuration/Fire             3
   f - Mephitic Cloud                 Conjuration/Poison/Air       3
 i - a book of Minor Magic

   Spells                             Type                      Level
   a - Magic Dart                     Conjuration                  1
   b - Blink                          Translocation                2
   c - Call Imp                       Summoning                    2
   d - Slow                           Hexes                        2
   e - Conjure Flame                  Conjuration/Fire             3
   f - Mephitic Cloud                 Conjuration/Poison/Air       3
 j - a book of Misfortune

   Spells                             Type                      Level
   a - Confusing Touch                Hexes                        1
   b - Confuse                        Hexes                        3
   c - Gell's Gravitas                Translocation                3
   d - Petrify                        Transmutation/Earth          4
   e - Metabolic Englaciation         Hexes/Ice                    5
   f - Yara's Violent Unravelling     Hexes/Transmutation          5
Comestibles
 d - 6 rations


   Skills:
 + Level 1.4 Fighting
   Level 1.2 Short Blades
 + Level 0.1 Maces & Flails
 + Level 1.8 Slings
 + Level 1.5 Armour
 + Level 2.5 Dodging
 + Level 3.1 Stealth
 + Level 3.5 Spellcasting
 + Level 0.8 Conjurations
 + Level 2.1 Summonings
 + Level 1.1 Translocations


You had 6 spell levels left.
You knew the following spells:

 Your Spells              Type           Power        Failure   Level  Hunger
a - Magic Dart            Conj           #...         52%         1    None
b - Blink                 Tloc           N/A          63%         2    ##.....
c - Call Imp              Summ           ##......     45%         2    ##.....


Dungeon Overview and Level Annotations

Branches:
Dungeon (6/15)
 Temple: D:4-7

Altars:
Ashenzari
Dithmenos
Qazlal


Innate Abilities, Weirdness & Mutations

You are resistant to damage.
You can heal yourself by infusing magical energy.
You passively map a small area around you.
You do not regenerate.


Message History

Reactivating autopickup.
The sky beast hits you but does no damage.
The water moccasin bites you but does no damage.
A jackal comes into view.
You closely miss the water moccasin.
The water moccasin is heavily wounded.
You feel very sick.
The orc shouts!
You hear an angry hiss.
The bullfrog hits you. The adder bites you but does no damage.
The water moccasin bites you!
* * * LOW HITPOINT WARNING * * *
You are lethally poisoned!
The water moccasin poisons you! The shadow imp barely misses you.
The worker ant bites you.
* * * LOW HITPOINT WARNING * * *
The bullfrog hits you but does no damage.
Your crimson imp blinks!
The sky beast hits you but does no damage.
The adder bites you.
You die...

#.............. * ,
.......o............. ,
* .....o...o.......... #
..$....<# * ,.o.. , ..
........# ####..##,.## *
........#####...o..#...#
*
..h....................
,........., *#.aS5..# ,
........## #hF@S..# * ,
.#...S..##..5.Y§...# *
#......####<.(....# , >
,, * #.(.....# ,, * ,
...(.....# ..§.......#*
, ..........). ,
...........#. , , , ,, ,


You could see an orc warrior, a water moccasin, a sky beast, a bullfrog, a
worker ant, an adder, a shadow imp, an orc, a jackal and a friendly crimson imp.

Vanquished Creatures
  An ogre (D:5)
  A hound (D:5)
  A worker ant (D:5)
  An adder (D:2)
  A shadow imp (D:6)
  4 orcs (D:5)
  4 bats
  A giant cockroach (D:2)
  4 goblins
  4 hobgoblins
  2 kobolds
  2 quokkas
  A frilled lizard (D:4)
  3 rats
30 creatures vanquished.

Vanquished Creatures (collateral kills)
  A hound (D:4)
  Natasha (D:4)
  An adder (D:5)
  A bat (D:2)
  A goblin (D:3)
  A rat (D:2)
6 creatures vanquished.

Grand Total: 36 creatures vanquished

Notes
Turn   | Place    | Note
-------+----------+-------------------------------------------
     0 | D:1      | Iko the Deep Dwarf Wizard began the quest for the Orb.
     0 | D:1      | Reached XP level 1. HP: 15/15 MP: 4/4
   147 | D:1      | Reached XP level 2. HP: 19/22 MP: 4/6
   432 | D:2      | Learned a level 2 spell: Blink
   435 | D:2      | Learned a level 2 spell: Call Imp
   571 | D:2      | Found a shadowy altar of Dithmenos.
   620 | D:2      | Became a worshipper of Dithmenos the Shadowed
   659 | D:2      | Reached skill level 1 in Summonings
   683 | D:2      | Reached XP level 3. HP: 16/30 MP: 2/7
   730 | D:2      | Found a stormy altar of Qazlal.
   933 | D:4      | Noticed Natasha
   943 | D:4      | Killed Natasha
   943 | D:4      | Reached skill level 1 in Fighting
   951 | D:4      | Reached XP level 4. HP: 32/38 MP: 8/8
   965 | D:5      | Entered Level 5 of the Dungeon
   974 | D:5      | Reached skill level 1 in Short Blades
  1022 | D:5      | Found a shattered altar of Ashenzari.
  1026 | D:5      | Noticed an ogre
  1043 | D:5      | Killed an ogre
  1043 | D:5      | Reached skill level 1 in Slings
  1043 | D:5      | Reached skill level 1 in Armour
  1043 | D:5      | Reached XP level 5. HP: 25/44 MP: 4/9
  1175 | D:6      | Noticed a sky beast
  1175 | D:6      | Noticed an orc warrior
  1239 | D:6      | Noticed a water moccasin
  1258 | D:6      | HP: 1/44 [worker ant (3)]
  1258 | D:6      | Slain by an adder

Skill      XL: |  1  2  3  4 |
---------------+-------------+-----
Spellcasting   | 3 |  3.5
Summonings     | 1 2 |  2.1
Fighting       | 1 |  1.4
Stealth        | 3 |  3.1
Short Blades   | 1 |  1.2
Slings         | 1 |  1.8
Armour         | 1 |  1.5
Maces & Flails | |  0.1
Dodging        | |  2.5
Conjurations   | |  0.8
Translocations | |  1.1

Action                   |  1- 3 |  4- 6 || total
-------------------------+-------+-------++-------
Melee: Short sword       |    58 |    18 ||    76
       Flail             |       |    26 ||    26
 Fire: Hunting sling     |     2 |    19 ||    21
 Cast: Magic Dart        |    10 |       ||    10
       Call Imp          |     6 |     4 ||    10
 Abil: Heal Wounds       |     2 |     5 ||     7
  Use: Scroll            |     6 |     2 ||     8
       Potion            |     4 |       ||     4
 Stab: Sleeping          |     2 |       ||     2
       Distracted        |     1 |       ||     1
  Eat: Ration            |       |     1 ||     1
Armor: Robe              |     9 |       ||     9
       Ring mail         |    15 |       ||    15
       Scale mail        |    16 |    44 ||    60
Dodge: Dodged            |    53 |    56 ||   109
